 Dungeon Crawl Stone Soup version 0.23-a0-641-g0a7f1ce553 (webtiles) character file.

4 HereIgoKillingAgain the Charmwright (level 1, 0/24 HPs)
             Began as a Demonspawn Skald on Dec 30, 2018.
             Slain by a kobold (4 damage)
             ... on level 1 of the Dungeon.
             The game lasted 00:00:32 (356 turns).

HereIgoKillingAgain the Charmwright (DsSk)           Turns: 356, Time: 00:00:32

Health: 0/24       AC:  3    Str: 16    XL:     1   Next: 50%
Magic:  3/3        EV: 12    Int: 14    God:
Gold:   9          SH:  0    Dex: 12    Spells: 3/4 levels left

rFire    . . .     SeeInvis .   a - +0 falchion
rCold    . . .     Gourm    .   (no shield)
rNeg     . . .     Faith    .   b - +0 leather armour
rPois    .         Spirit   .   (no helmet)
rElec    .         Reflect  .   (no cloak)
rCorr    .         Harm     .   (no gloves)
MR       .....                  (no boots)
Stlth    ..........             c - amulet of rage
HPRegen  0.08/turn              (no ring)
MPRegen  0.08/turn              (no ring)

@: berserking, very quick
A: no striking features
a: Evoke Berserk Rage


You were on level 1 of the Dungeon.
You were not hungry.

You visited 1 branch of the dungeon, and saw 1 of its levels.

You collected 9 gold pieces.

Inventory:

Hand Weapons
 a - a +0 falchion (weapon)
Armour
 b - a +0 leather armour (worn)
Jewellery
 c - an amulet of rage (around neck)
Comestibles
 d - a ration


   Skills:
 - Level 2.0 Fighting
 * Level 2.0 Long Blades
 - Level 0.8 Armour
 - Level 1.7 Dodging
 + Level 2.0 Spellcasting
 + Level 2.7 Charms


You had 3 spell levels left.
You knew the following spells:

 Your Spells              Type           Power        Failure   Level  Hunger
a - Infusion              Chrm           #...         10%         1    ##.....

Your spell library contained the following spells:

 Spells                   Type           Power        Failure   Level  Hunger
 Song of Slaying          Chrm           #.......     14%         2    ###....
 Shroud of Golubria       Chrm/Tloc      #.........   26%         2    ###....
 Regeneration             Chrm/Necr      #.........   45%         3    ####...
 Spectral Weapon          Hex/Chrm       #.......     45%         3    ####...


Dungeon Overview and Level Annotations

Branches:
Dungeon (1/15)

Altars:


Message History

You miss the leopard gecko. The kobold hits you. The leopard gecko bites you.
The kobold hits you. The kobold closely misses you.
You riposte.
You hit the kobold but do no damage. The kobold hits you.
* * * LOW HITPOINT WARNING * * *
The kobold hits you but does no damage. The leopard gecko closely misses you.
You riposte.
You miss the leopard gecko. The kobold hits you.
* * * LOW HITPOINT WARNING * * *
Okay, then.
Firing (i - inventory) No suitable missiles.
Press: ? - help, Shift-Dir - straight line, f - kobold
Aim: a kobold
Okay, then.
Unknown command.
You fail to use your ability.
The kobold hits you but does no damage.
A red film seems to cover your vision as you go berserk!
You feel yourself moving faster!
You feel mighty!
You feel a lot more hungry. The kobold hits you.
You die...

#..........#
#.######...####
##.......#
#.....##.#
##...###.##.
#..........
#..####.##.
#..####.#
#..lKK@.#
#...##### #
#.....# ##
#.......)# ..
#.........# ##
+.......!.+ ..
#.........# ..
.........## ##


You could see a leopard gecko and 2 kobolds.

Vanquished Creatures
  2 jackals (D:1)
  A frilled lizard (D:1)
  A rat (D:1)
4 creatures vanquished.

Notes
Turn   | Place    | Note
-------+----------+-------------------------------------------
     0 | D:1      | HereIgoKillingAgain the Demonspawn Skald began the quest
                  | for the Orb.
     0 | D:1      | Reached XP level 1. HP: 16/16 MP: 3/3
   356 | D:1      | Slain by a kobold

Vault maps used:
D:1:      kennysheep_arrival_seaside

Skill      XL: |  1 |
---------------+----+-----
Long Blades    | 2 |  2.0
Fighting       | |  2.0
Armour         | |  0.8
Dodging        | |  1.7
Spellcasting   | |  2.0
Charms         | |  2.7

Action                   || total
-------------------------++-------
Melee: Falchion          ||    18
 Cast: Infusion          ||     1
 Abil: Evoke Berserk Rag ||     1
  Use: Scroll            ||     1
Armor: Leather armour    ||     7
Dodge: Dodged            ||    17
       Rpst.: Falchion   ||     7

Table legend:
 A = Non-vault XP
 B = Vault XP
 C = Vault XP percentage of total XP
 D = Non-vault monster count
 E = Vault monster count
 F = Vault count percentage of total count
                 A         B        C        D         E       F
            +---------+---------+-------+---------+---------+-------
      Total |       6 |       0 |   0.0 |       4 |       0 |   0.0
            +---------+---------+-------+---------+---------+-------
        D:1 |       6 |       0 |   0.0 |       4 |       0 |   0.0
            +---------+---------+-------+---------+---------+-------
